 Dungeon Crawl Stone Soup version 0.23.2-33-g5129a83184 (webtiles) character file.

Game seed: 1008054427549471569

1180 Folque001 the Conjurer (level 7, -1/50 HPs)
             Began as a Demigod Conjurer on Aug 1, 2019.
             Shot with an arrow by a centaur (3 damage)
             ... on level 5 of the Dungeon.
             The game lasted 00:12:56 (5910 turns).

Folque001 the Conjurer (Demigod Conjurer)           Turns: 5910, Time: 00:12:57

Health: -1/50      AC:  2    Str: 11    XL:     7   Next: 98%
Magic:  12/17      EV: 12    Int: 23    God:
Gold:   201        SH:  0    Dex: 16    Spells: 1/15 levels left

rFire    . . .     SeeInvis .   u - +2 trident (venom)
rCold    . . .     Gourm    .   (no shield)
rNeg     . . .     Faith    .   a - +0 robe
rPois    .         Spirit   .   (no helmet)
rElec    .         Reflect  .   (no cloak)
rCorr    .         Harm     .   (no gloves)
MR       .....                  (no boots)
Stlth    ++........             k - amulet of rage
HPRegen  0.16/turn              (no ring)
MPRegen  0.15/turn              (no ring)

@: berserk cooldown, slowed, very slow
A: high mp 1
a: Evoke Berserk Rage


You were on level 5 of the Dungeon.
You were not hungry.

You visited 1 branch of the dungeon, and saw 5 of its levels.

You collected 201 gold pieces.

Inventory:

Hand Weapons
 d - a +0 dagger
 f - a +0 mace
 p - a +0 long sword
 u - a +2 trident of venom (weapon)
Armour
 a - a +0 robe (worn)
 w - the +1 chain mail "Gitzalloz" {rN+ rCorr Int+2}
   (You took it off an orc priest on level 4 of the Dungeon)

   It affects your intelligence (+2).
   It protects you from negative energy.
   It provides partial protection from all sources of acid and corrosion.
Jewellery
 k - an amulet of rage (around neck)
Scrolls
 g - a scroll of noise {unknown}
 h - a scroll of random uselessness {unknown}
 i - a scroll of teleportation
 l - a scroll of magic mapping {unknown}
 m - a scroll of remove curse
 o - a scroll of blinking {unknown}
 r - 2 scrolls of fear {unknown}
 v - 3 scrolls of identify
Potions
 b - a potion of might {unknown}
 n - a potion of cancellation {unknown}
 q - a potion of degeneration {unknown}
 s - a potion of mutation {unknown}
 t - a potion of agility {unknown}
Comestibles
 c - 5 rations


   Skills:
 - Level 1.7 Dodging
 - Level 1.7 Stealth
 + Level 4.8 Spellcasting
 + Level 5.8 Conjurations
 * Level 5.7 Hexes


You had one spell level left.
You knew the following spells:

 Your Spells              Type           Power        Failure   Level  Hunger
a - Magic Dart            Conj           ####         1%          1    None
b - Searing Ray           Conj           ####..       1%          2    None
c - Dazzling Spray        Conj/Hex       ####..       2%          3    ##.....
d - Fulminant Prism       Conj/Hex       ####......   9%          4    ####...
e - Force Lance           Conj/Tloc      ###.....     28%         4    ####...

Your spell library contained the following spells:

 Spells                   Type           Power        Failure   Level  Hunger
 Animate Skeleton         Necr           N/A          10%         1    None
 Pain                     Necr           #...         10%         1    None
 Iskenderun's Mystic Bla  Conj           ####....     9%          4    ####...
 Regeneration             Chrm/Necr      #.........   28%         3    ##.....
 Vampiric Draining        Necr           #.........   28%         3    ##.....
 Animate Dead             Necr           N/A          67%         4    ####...


Dungeon Overview and Level Annotations

Branches:
Dungeon (5/15)
 Temple: D:4-7


Innate Abilities, Weirdness & Mutations

You have an increased reservoir of magic. (+10% MP)


Message History

* * * LOW HITPOINT WARNING * * *
The centaur closely misses you.
Your fulminant prism explodes!
You hear a shout! x2
You hit the centaur.
The centaur looks as sick as possible!
The centaur is almost dead.
You kill the centaur!
The centaur shoots an arrow.
The arrow barely misses you.
A bullfrog skeleton comes into view.
The centaur shoots an arrow.
The arrow barely misses you.
Unknown command.
You are too berserk!
You feel a strong urge to attack something.
You feel your anger nearly subside.
You are no longer berserk.
You are exhausted.
You feel yourself slow down.
The centaur shoots an arrow.
The arrow closely misses you.
You see here an arrow.
The centaur shoots an arrow.
The arrow hits you.
You die...

#......## ###..c...#
##.......(##
#......Z(..##
.......(....##
.............#### #
................####...
.......................
............(@.<.......
.......................
.......................
.......................
.##8..8##.............
⌠.... #.###...###>..
##..# #.# ≈...≈≈ ... ..
#. ..♣..≈ ..


You could see a centaur and a bullfrog skeleton.

Vanquished Creatures
  The ghost of Sylven the Shooter, an amateur CeHu (D:4)
  A phantom (D:4)
  An ogre (D:4)
  A centaur (D:5)
  2 howler monkeys (D:4)
  A hound (D:4)
  2 jellies (D:4)
  A gnoll shaman (D:4)
  3 orc priests (D:4)
  6 orc wizards
  2 worker ants (D:4)
  4 gnolls (D:4)
  4 adders
  8 oozes
  A worm (D:2)
  2 dart slugs
  3 leopard geckos
  10 orcs
  2 ball pythons
  7 bats
  2 giant cockroaches
  9 goblins
  8 hobgoblins
  15 kobolds
  2 quokkas
  A ball python skeleton (D:4)
  6 frilled lizards
  A jackal skeleton (D:4)
  6 rats
112 creatures vanquished.

Vanquished Creatures (others)
  6 fulminant prisms
  9 toadstools (D:4)
15 creatures vanquished.

Grand Total: 127 creatures vanquished

Notes
Turn   | Place    | Note
-------+----------+-------------------------------------------
     0 | D:1      | Folque001 the Demigod Conjurer began the quest for the Orb.
     0 | D:1      | Reached XP level 1. HP: 14/14 MP: 5/5
   267 | D:1      | Reached XP level 2. HP: 18/20 MP: 1/7
  1835 | D:2      | Reached XP level 3. HP: 26/26 MP: 9/9
  1843 | D:2      | Learned a level 2 spell: Searing Ray
  1848 | D:2      | Learned a level 3 spell: Dazzling Spray
  1945 | D:2      | Found a faded altar of an unknown god.
  2215 | D:2      | Reached skill level 1 in Hexes
  2215 | D:2      | Reached XP level 4. HP: 29/33 MP: 5/11
  2334 | D:2      | Found a glowing golden altar of the Shining One.
  3262 | D:3      | Found a stormy altar of Qazlal.
  3549 | D:3      | Reached XP level 5. HP: 38/38 MP: 13/13
  3983 | D:4      | Reached XP level 6. HP: 35/45 MP: 1/14
  3993 | D:4      | Learned a level 4 spell: Fulminant Prism
  4540 | D:4      | Found a large runed translucent door.
  4541 | D:4      | Found a large runed translucent door.
  4546 | D:4      | Noticed Sylven's ghost (amateur CeHu)
  4566 | D:4      | Killed Sylven's ghost
  4566 | D:4      | Reached skill level 5 in Conjurations
  4566 | D:4      | Reached XP level 7. HP: 10/50 MP: 0/16
  4950 | D:4      | Reached skill level 5 in Hexes
  5217 | D:4      | Learned a level 4 spell: Force Lance
  5520 | D:4      | Identified the +1 chain mail "Gitzalloz" {rN+ rCorr Int+2}
  5888 | D:5      | Entered Level 5 of the Dungeon
  5903 | D:5      | HP: 2/75 [centaur/arrow (9)]
  5910 | D:5      | Shot with an arrow by a centaur

Skill      XL: |  1  2  3  4  5  6  7 |
---------------+----------------------+-----
Spellcasting   | 2 3 4 |  4.8
Conjurations   | 4 5 |  5.8
Hexes          | 1 2 3 4 5 |  5.7
Dodging        | |  1.7
Stealth        | |  1.7

Action                   |  1- 3 |  4- 6 |  7- 9 || total
-------------------------+-------+-------+-------++-------
Melee: Dagger            |     9 |       |       ||     9
       Unarmed           |     5 |       |       ||     5
       Mace              |    61 |    38 |       ||    99
       Long sword        |       |    29 |       ||    29
       Trident           |       |    27 |    21 ||    48
 Cast: Magic Dart        |    25 |     6 |     4 ||    35
       Searing Ray       |     4 |    21 |    11 ||    36
       Dazzling Spray    |     2 |     8 |     4 ||    14
       Fulminant Prism   |       |     3 |     3 ||     6
  Use: Potion            |       |     2 |     1 ||     3
       Scroll            |       |       |     3 ||     3
 Stab: Sleeping          |     3 |     5 |       ||     8
  Eat: Chunk             |     5 |     8 |     2 ||    15
       Ration            |       |       |     1 ||     1
Armor: Robe              |    10 |    30 |       ||    40
Dodge: Dodged            |    53 |    91 |    21 ||   165
       Rpst.: Long sword |       |    11 |       ||    11
